 Dungeon Crawl Stone Soup version 0.28.0-49-g6dfe1f597d (webtiles) character file.

Game seed: 15022146393913604650

297 issech the Cudgeller (level 6, 0/61 HPs)
             Began as a Troll Monk on May 12, 2022.
             Killed by divine providence
             ... invoked by an orc priest
              (12 damage)
             ... on level 4 of the Dungeon.
             The game lasted 00:09:58 (3238 turns).

issech the Cudgeller (Troll Monk)                   Turns: 3238, Time: 00:09:59

Health: 0/61       AC:  4    Str: 20    XL:     6   Next: 12%
Magic:  5/5        EV: 11    Int:  6    God:
Gold:   110        SH:  0    Dex: 14    Spells: 5/5 levels left

rFire   . . .      SeeInvis .   o - +1 halberd (protect)
rCold   . . .      Faith    .   (shield currently unavailable)
rNeg    . . .      Spirit   .   b - +0 robe
rPois   .          Reflect  .   (helmet restricted)
rElec   .          Harm     .   (no cloak)
rCorr   .          Rampage  .   (gloves unavailable)
Will    .....                   (boots unavailable)
Stlth   ++........              (no amulet)
HPRegen 1.00/turn               j - ring of fire
MPRegen 0.09/turn               m - ring of ice

@: no status effects
A: large, unfitting armour, claws 3, regeneration 1, shaggy fur 1, tough skin 1
a: no special abilities


You were on level 4 of the Dungeon.
You visited 1 branch of the dungeon, and saw 4 of its levels.
You also visited: Sewer.

You collected 110 gold pieces.

Inventory:

Hand Weapons
 a - a +0 mace
 o - a +1 halberd of protection (weapon)
 u - a +3 flail
Missiles
 d - 18 sling bullets
 f - 49 arrows
 g - 63 stones (quivered)
 h - 28 bolts
 s - a curare-tipped dart
Armour
 b - a +0 robe (worn)
Jewellery
 j - a ring of fire (left claw)
 m - a ring of ice (right claw)
Scrolls
 c - 2 scrolls of magic mapping {unknown}
 p - a scroll of enchant armour {unknown}
 q - a scroll of enchant weapon {unknown}
 r - a scroll of blinking {unknown}
Potions
 e - 2 potions of brilliance {unknown}
 i - a potion of attraction {unknown}
 k - 3 potions of might {unknown}
 l - 2 potions of invisibility {unknown}
 n - 3 potions of heal wounds {unknown}
 t - a potion of degeneration {unknown}


   Skills:
 + Level 3.2 Fighting
 + Level 3.5 Maces & Flails
 + Level 2.3 Polearms
 + Level 0.5 Throwing
 + Level 3.4 Dodging
 + Level 1.6 Stealth


You had 5 spell levels left.
You didn't know any spells.
Your spell library contained the following spells:

 Spells                   Type           Power      Damage    Failure   Level
 Blink                    Tloc           0%         N/A       58%         2
 Ozocubu's Armour         Ice            0%         N/A       83%         3
 Manifold Assault         Tloc           0%         N/A       100%        5
 Metabolic Englaciation   Hex/Ice        0%         N/A       100%        5
 Simulacrum               Ice/Necr       0%         N/A       100%        6
 Storm Form               Tmut/Air       0%         N/A       100%        7


Dungeon Overview and Level Annotations

Branches:
Dungeon (4/15)              Sewer (visited)
 Temple: D:4-7

Altars:
Okawaru


Innate Abilities, Weirdness & Mutations

You are too large for most types of armour.
You have claws for hands.
Your natural rate of healing is unusually fast.
You are covered in fur. (AC +1)
You have tough skin. (AC +1)


Message History

You start resting.
HP restored.
Your +1 halberd of protection hums with potential!
o - a +1 halberd of protection (weapon)
You climb downwards.
The orc priest closely misses you.
There is a stone staircase leading up, spattered with blood here.
Reach: o) +1 halberd (protect)
Press: ? - help, Dir - move target, f - orc priest
Aim: an orc priest, wielding a +0 war axe (about 46% to evade your +1 halberd of protection)
You reach to attack!
You hit the orc priest.
Your weapon exudes an aura of protection.
The orc priest is moderately wounded.
The orc priest closely misses you.
The orc priest calls down the wrath of Beogh upon you.
Beogh smites you!
You closely miss the orc priest.
The orc priest is moderately wounded.
The orc priest hits you from afar with a +0 trident.
The orc priest hits you with a +0 war axe!
You hit the orc priest.
The orc priest is heavily wounded.
The orc priest hits you from afar with a +0 trident.
The orc priest hits you with a +0 war axe!
The orc priest barely misses you.
The orc priest hits you with a +0 war axe.
You barely miss the orc priest.
The orc priest is heavily wounded.
The orc priest barely misses you. The orc priest misses you.
Unknown command.
You closely miss the orc priest.
The orc priest is heavily wounded.
The orc priest misses you.
The orc priest hits you with a +0 war axe.
The orc priest hits you from afar with a +0 trident.
* * * LOW HITPOINT WARNING * * *
The orc priest hits you with a +0 war axe.
* * * LOW HITPOINT WARNING * * *
The orc priest mumbles some strange prayers to Beogh against you.
Beogh smites you!
You die...

..#.. ...
#....# ..
...... #.#
....###..###
##...........
....#......#
...........##
#..@o...#
#..........
#...o....##
#..........
...........
............
.........#...
......###.#.>.


You could see 2 orc priests.

Vanquished Creatures
  A kobold brigand (Sewer)
  A hound (D:3)
  8 adders
  4 river rats (Sewer)
  An ufetubus (D:3)
  2 worms (D:3)
  2 dart slugs (D:1)
  3 orcs (D:3)
  6 ball pythons
  4 bats
  5 endoplasms
  4 giant cockroaches
  2 goblins
  5 hobgoblins
  10 jackals
  3 quokkas
  7 frilled lizards
  6 kobolds
  10 rats
84 creatures vanquished.

Vanquished Creatures (others)
  23 plants (Sewer)
  4 toadstools (D:1)
27 creatures vanquished.

Grand Total: 111 creatures vanquished

Notes
Turn   | Place    | Note
-------+----------+-------------------------------------------
     0 | D:1      | issech the Troll Monk began the quest for the Orb.
     0 | D:1      | Reached XP level 1. HP: 22/22 MP: 0/0
   186 | D:1      | Found a faded altar of an unknown god.
   199 | D:1      | Reached XP level 2. HP: 29/29 MP: 1/1
   958 | D:2      | Reached XP level 3. HP: 36/36 MP: 2/2
  1239 | D:2      | Found an iron altar of Okawaru.
  1533 | D:3      | Identified a scroll of acquirement
  1533 | D:3      | Acquired the +8 hunting sling "Osocojor" {flame, rPois}
  1740 | D:3      | Reached XP level 4. HP: 44/44 MP: 3/3
  1761 | D:3      | Found a glowing drain.
  1770 | Sewer    | Entered a sewer
  2011 | Sewer    | Reached skill level 1 in Polearms
  2011 | Sewer    | Reached XP level 5. HP: 52/52 MP: 4/4
  3151 | D:3      | Reached XP level 6. HP: 49/61 MP: 5/5
  3238 | D:4      | Killed from afar by an orc priest

Illustrated notes

Levels and vault maps discovered:
D:1:      ldierk_water_garden, layout_basic, ebering_ecumenical_altar_mist,
          grunt_decor_one_mirror
D:2:      layout_loops_ring, basic_altar
D:3:      layout_basic, cheibrodos_sewer_entry_bend, serial_co_window_serial,
          co_window_paths_a, co_window_corner_a, co_window_of_opportunity_a,
          co_window_paths_b, co_window_of_opportunity_a, co_window_broadway_b,
          co_window_broadway_a, co_window_unsneaky_path_c, co_window_broadway_a,
          glass_columns_a, glass_columns_b, glass_columns_a, glass_columns_b
D:4:      layout_rooms, minmay_temple_entry_purple_smoke, serial_shops, shop,
          shop, shop

Skill      XL: |  1  2  3  4  5 |
---------------+----------------+-----
Maces & Flails | 3 |  3.5
Dodging        | 3 |  3.4
Polearms       | 1 2 |  2.3
Fighting       | 3 |  3.2
Throwing       | |  0.5
Stealth        | |  1.6

Action                   |  1- 3 |  4- 6 || total
-------------------------+-------+-------++-------
Melee: Mace              |    93 |       ||    93
       Halberd           |     6 |   184 ||   190
       Punch             |     2 |       ||     2
       Flail             |       |     9 ||     9
Throw: Stone             |    19 |     3 ||    22
  Use: Scroll            |     4 |       ||     4
 Stab: Sleeping          |     6 |     4 ||    10
Armor: Robe              |    36 |    84 ||   120
Dodge: Dodged            |    73 |   148 ||   221
